 Dungeon Crawl Stone Soup version 0.23.2-1-ga50397a (webtiles) character file.

Game seed: 13445938809725301490

360 Iscandelvey the Chucker (level 6, -6/43 HPs)
             Began as a Demonspawn Arcane Marksman on Apr 22, 2019.
             Splashed by a jelly's acid (8 damage)
             ... on level 4 of the Dungeon.
             The game lasted 00:24:00 (6017 turns).

Iscandelvey the Chucker (DsAM)                      Turns: 6017, Time: 00:24:01

Health: -6/43      AC:  2    Str: 10    XL:     6   Next: 38%
Magic:  10/10      EV: 13    Int: 17    God:
Gold:   178        SH:  0    Dex: 13    Spells: 7/10 levels left

rFire    . . .     SeeInvis .   e - +2 mace (crush)
rCold    . . .     Gourm    .   (no shield)
rNeg     . . .     Faith    .   a - +0 robe
rPois    .         Spirit   .   (no helmet)
rElec    .         Reflect  .   (no cloak)
rCorr    .         Harm     .   (no gloves)
MR       .....                  (no boots)
Stlth    +.........             (no amulet)
HPRegen  0.14/turn              (no ring)
MPRegen  0.12/turn              (no ring)

@: no status effects
A: powered by death 3
a: no special abilities


You were on level 4 of the Dungeon.
You were not hungry.

You visited 1 branch of the dungeon, and saw 5 of its levels.

You collected 178 gold pieces.

Inventory:

Hand Weapons
 e - a +2 mace of crushing (weapon)
 j - a +0 spear
 v - a +0 morningstar
Missiles
 c - a javelin
 d - 2 throwing nets
 l - 220 stones
 q - 30 poisoned needles
 z - a tomahawk (quivered)
Armour
 a - a +0 robe (worn)
Jewellery
 g - an uncursed ring of flight {unknown}
 m - an uncursed ring of flight {unknown}
 o - an uncursed ring of stealth {unknown}
 y - an uncursed ring of ice {unknown}
Scrolls
 i - 2 scrolls of teleportation {unknown}
 k - a scroll of remove curse {unknown}
 n - a scroll of fog {unknown}
 p - a scroll of blinking {unknown}
 r - 4 scrolls of identify {unknown}
 t - a scroll of immolation {unknown}
 x - a scroll of magic mapping {unknown}
Potions
 b - a potion of heal wounds {unknown}
 h - 4 potions of lignification {unknown}
 s - a potion of degeneration {unknown}
 w - a potion of magic {unknown}
Comestibles
 f - 7 rations


   Skills:
 - Level 1.0 Fighting
 * Level 4.4 Throwing
 + Level 3.3 Dodging
 + Level 2.8 Spellcasting
 - Level 3.4 Hexes


You had 7 spell levels left.
You knew the following spells:

 Your Spells              Type           Power        Failure   Level  Hunger
a - Corona                Hex            ##.....      4%          1    #......
b - Slow                  Hex            ##......     7%          2    ##.....

Your spell library contained the following spells:

 Spells                   Type           Power        Failure   Level  Hunger
 Inner Flame              Hex/Fire       #.......     26%         3    ###....
 Portal Projectile        Hex/Tloc       #.....       26%         3    ###....
 Cause Fear               Hex            ##........   41%         4    #####..
 Leda's Liquefaction      Hex/Erth       #.........   65%         4    #####..


Dungeon Overview and Level Annotations

Branches:
Dungeon (5/15)
 Temple: D:4-7

Altars:
Gozag

Annotations:
D:4 Grinder, Sigmund


Innate Abilities, Weirdness & Mutations

You regenerate a lot of health from kills.


Message History

The orc hits you but does no damage.
You barely miss the orc. The jelly hits you but does no damage.
The orc hits you with a +0 club. The jelly hits you but does no damage.
You eat one of the 8 rations.
That ration really hit the spot!
The orc barely misses you. The jelly hits you.
You are splashed with acid.
* * * LOW HITPOINT WARNING * * *
The jelly hits you.
* * * LOW HITPOINT WARNING * * *
You are splashed with acid!
* * * LOW HITPOINT WARNING * * *
The orc barely misses you.
You climb upwards.
Level annotation: Grinder, Sigmund
There is a stone staircase leading down here.
You hit the orc.
The orc is moderately wounded.
The jelly hits you.
* * * LOW HITPOINT WARNING * * *
You are splashed with acid!
You die...

#.....................#.#######
#..<............#######.#
#...............<.###...###
#...............#.........#####
#.......).......#####.###.>....
##.............## #.# #######
##......^....[# ###.#
######..####o# #...# ##.# #@#
#.### #.# #J# #.# #.# #.####.#
#.. #....#)# # ##.######...###
## >...........# ##.
.######...#.#######..
##.#...........#
#..#....########


You could see a jelly and an orc.

Vanquished Creatures
  A phantom (D:4)
  A crimson imp (D:4)
  An orc priest (D:3)
  2 orc wizards
  4 adders
  2 oozes
  2 dart slugs
  5 leopard geckos
  16 orcs
  6 giant cockroaches
  3 goblins
  8 hobgoblins
  6 jackals
  8 kobolds
  2 quokkas (D:2)
  2 ball pythons (D:2)
  9 bats
  6 frilled lizards
  4 rats
88 creatures vanquished.

Notes
Turn   | Place    | Note
-------+----------+-------------------------------------------
     0 | D:1      | Iscandelvey the Demonspawn Arcane Marksman began the quest
                  | for the Orb.
     0 | D:1      | Reached XP level 1. HP: 15/15 MP: 2/2
   186 | D:1      | Reached skill level 2 in Throwing
   336 | D:1      | Gained mutation: You regenerate a little health from kills.
                  | [demonic ancestry]
   336 | D:1      | Reached XP level 2. HP: 7/21 MP: 3/3
   538 | D:1      | Learned a level 2 spell: Slow
  1257 | D:2      | Reached XP level 3. HP: 25/26 MP: 1/4
  2160 | D:2      | Found an opulent altar of Gozag.
  2264 | D:2      | Gained mutation: You regenerate health from kills. [demonic
                  | ancestry]
  2264 | D:2      | Reached XP level 4. HP: 32/32 MP: 6/6
  2749 | D:3      | Reached skill level 3 in Throwing
  3561 | D:3      | Gained mutation: You regenerate a lot of health from kills.
                  | [demonic ancestry]
  3561 | D:3      | Reached XP level 5. HP: 4/37 MP: 5/8
  4885 | D:4      | Reached skill level 4 in Throwing
  4973 | D:4      | Noticed Sigmund
  5093 | D:4      | Noticed Grinder
  5097 | D:4      | Noticed a phantom
  5403 | D:4      | Killed a phantom
  5403 | D:4      | Reached XP level 6. HP: 23/43 MP: 3/10
  5703 | D:5      | Entered Level 5 of the Dungeon
  6015 | D:5      | HP: 2/43 [acid (9)]
  6017 | D:4      | Splashed by a jelly's acid

Skill      XL: |  1  2  3  4  5 |
---------------+----------------+-----
Throwing       | 2 3 4 |  4.4
Dodging        | 2 3 |  3.3
Spellcasting   | 2 |  2.8
Fighting       | |  1.0
Hexes          | |  3.4

Action                   |  1- 3 |  4- 6 || total
-------------------------+-------+-------++-------
Melee: Spear             |   152 |   119 ||   271
       Unarmed           |     4 |       ||     4
       Mace              |       |   102 ||   102
Throw: Javelin           |    12 |    18 ||    30
       Stone             |    13 |     3 ||    16
       Tomahawk          |       |     5 ||     5
 Cast: Slow              |     8 |    52 ||    60
       Corona            |     1 |    20 ||    21
  Use: Potion            |     1 |     1 ||     2
 Stab: Sleeping          |     7 |     2 ||     9
  Eat: Chunk             |     5 |    14 ||    19
       Ration            |       |     1 ||     1
Armor: Robe              |    22 |    30 ||    52
Dodge: Dodged            |    99 |   139 ||   238
